 Dungeon Crawl Stone Soup version 0.24.0-1-gfbc8707 (webtiles) character file.

Game seed: 16447020331773004630, levelgen mode: deterministic

60 Buxparty the Chopper (level 3, -1/28 HPs)
             Began as a Mummy Gladiator on Jan 3, 2020.
             Killed by divine providence
             ... invoked by an orc priest
              (9 damage)
             ... on level 3 of the Dungeon.
             The game lasted 00:05:08 (1579 turns).

Buxparty the Chopper (Mummy Gladiator)              Turns: 1579, Time: 00:05:09

Health: -1/28      AC:  6    Str: 18    XL:     3   Next: 80%
Magic:  3/3        EV: 12    Int:  7    God:
Gold:   59         SH:  0    Dex: 13    Spells: 2/2 levels left

rFire    x . .     SeeInvis .   k - +2 mace (protect)
rCold    + . .     Gourm    .   (no shield)
rNeg     + + +     Faith    .   m - +0 ring mail
rPois    ∞         Spirit   .   c - +0 helmet
rElec    .         Reflect  .   (no cloak)
rCorr    .         Harm     .   (no gloves)
MR       .....                  (no boots)
Stlth    +.........             (no amulet)
HPRegen  0.09/turn              (no ring)
MPRegen  0.08/turn              (no ring)

@: no status effects
A: no food or potions, fire vulnerability, cold resistance 1, negative energy
resistance 3, torment resistance, unbreathing
a: no special abilities


You were on level 3 of the Dungeon.
You were not hungry.

You visited 1 branch of the dungeon, and saw 3 of its levels.

You collected 59 gold pieces.

Inventory:

Hand Weapons
 a - a +0 war axe
 h - a +0 hunting sling
 i - a +1 hand axe of chopping
 j - a +1 falchion of slicing
 k - a +2 mace of protection (weapon)
 p - a +2 spear of venom
 r - a +0 whip of draining
Missiles
 d - 3 throwing nets (quivered)
 l - 25 poisoned darts
 n - 11 sling bullets
Armour
 b - a +0 leather armour
 c - a +0 helmet (worn)
 m - a +0 ring mail (worn)
Wands
 q - a wand of flame (18)
Scrolls
 e - a scroll of blinking {unknown}
 f - 3 scrolls of remove curse {unknown}
 g - 3 scrolls of identify {unknown}
 o - a scroll of teleportation {unknown}


   Skills:
 + Level 2.3 Fighting
 + Level 2.9(3.0) Axes
 + Level 0.7(2.0) Maces & Flails
 + Level 2.0 Throwing
 - Level 0.1 Armour
 + Level 2.9 Dodging


You had 2 spell levels left.
You didn't know any spells.
Your spell library was empty.

Dungeon Overview and Level Annotations

Branches:
Dungeon (3/15)

Altars:
Okawaru


Innate Abilities, Weirdness & Mutations

You do not eat or drink.
Your flesh is vulnerable to fire.
You are immune to poison.
Your flesh is cold resistant. (rC+)
You are immune to negative energy. (rN+++)
You are immune to unholy pain and torment.
You can survive without breathing.


Message History

The orc hits you but does no damage. The giant cockroach barely misses you.
You completely miss the orc. The orc closely misses you.
The orc priest hits you but does no damage.
The giant cockroach closely misses you.
A rat comes into view.
The orc hits you but does no damage.
You sock the orc priest!
The orc priest is almost dead.
The giant cockroach bites you. The orc hits you but does no damage.
The orc priest hits you but does no damage.
The orc hits you from afar with a +0 trident!
The giant cockroach barely misses you.
The orc priest calls down the wrath of Beogh upon you.
Beogh smites you!
* * * LOW HITPOINT WARNING * * *
The orc hits you but does no damage.
The giant cockroach waves its antennae.
The orc priest invokes the aid of Beogh against you.
Beogh smites you!
You die...

.##...#.###......###.## #.#.##
#...#.# #..........# #. #.#...
.##...#.# #......###.# #. #!####
......#.# #........#.# #. #.# #
.##..##.# #.....##.# #. #.# # .
#..#### ##.......#.###. #.####
.##).#######.##..........###.....
.............##.####.###.#...####
..........o.!.o.@............#
.........o....s..'########'..#
.###.######.>#...#........#..# .
#.# #......#.'####+.#..####
...oso.......#...#.#....#.#......
...o.............#.#.##.#.#......
.###.##..##..#...#.#.##.#.#.#####
#r##..##......#.#....#.#.# #
..............#.+####'.#.# #


You could see an orc priest, 2 orcs and a giant cockroach.

Vanquished Creatures
  2 adders (D:2)
  A worm (D:2)
  A dart slug (D:2)
  2 leopard geckos
  An orc (D:3)
  5 bats
  A giant cockroach (D:2)
  2 goblins
  5 hobgoblins
  2 jackals (D:2)
  2 kobolds (D:1)
  A ball python (D:2)
  3 frilled lizards
  6 rats
34 creatures vanquished.

Notes
Turn   | Place    | Note
-------+----------+-------------------------------------------
     0 | D:1      | Buxparty the Mummy Gladiator began the quest for the Orb.
     0 | D:1      | Reached XP level 1. HP: 16/16 MP: 1/1
     5 | D:1      | Noticed an electric eel
     5 | D:1      | Noticed an electric eel
   408 | D:1      | Found an iron altar of Okawaru.
   421 | D:1      | Reached XP level 2. HP: 21/22 MP: 2/2
  1014 | D:2      | Reached XP level 3. HP: 27/27 MP: 3/3
  1295 | D:2      | Found an iron altar of Okawaru.
  1579 | D:3      | Killed from afar by an orc priest

Levels and vault maps discovered:
D:1:      arrival_aquarium_b, layout_rooms, okawaru_ov_weapons_minmay
D:2:      layout_loops_ring, marbit_many_paths
D:3:      layout_basic, bloody_makhleb, minivault_11, kennysheep_generic_room_11

Skill      XL: |  1  2  3 |
---------------+----------+-----
Throwing       | 2 |  2.0
Fighting       | |  2.3
Axes           | |  2.9
Maces & Flails | |  0.7
Armour         | |  0.1
Dodging        | |  2.9

Action                   || total
-------------------------++-------
Melee: War axe           ||    25
       Mace              ||    75
Armor: Leather armour    ||     7
       Ring mail         ||    36
Dodge: Dodged            ||    81
